AoeStats
← Charlie Brown

MegaRandom

507255973Analyzed
2v2 RM · 15d ago on Sep 17, 2026· 60m 31s· 4 players
Game mode
Random Map
Map size
Medium (4 player)
Population
200
Speed
Normal
Resources
Standard
Victory
Conquest
Starting age
Dark Age
Ending age
Imperial Age
RankedLock teamsTeams togetherTeam positionsShared explorationLock speedFull tech treeHidden civsTurbo modeCheats
Victory
Defeat
🇬🇧 Slavs · United Kingdom
471
+24
🇪🇸 Britons · Spain
454
+24
🇳🇱 Spanish · Netherlands
732
-27
🇧🇷 Cumans · Brazil
571
-21
Charlie Brown
15:19 Feudal Age
15:43 Horse Collar
16:08 Double-Bit Axe
24:29 Wheelbarrow
27:40 Castle Age
29:43 Bow Saw
29:27 Gold Mining
29:30 Stone Mining
29:43 Heavy Plow
30:02 Hand Cart
30:35 Town Watch
30:36 Loom
31:40 Town Patrol
34:21 Gold Shaft Mining
36:03 Squires
35:23 Man-at-Arms
35:27 Pikeman
37:54 Long Swordsman
42:43 Imperial Age
44:18 Crop Rotation
44:54 Two-Man Saw
45:18 Two-Handed Swordsman
45:25 Halberdier
50:27 Champion
51:28 Druzhina
51:29 Detinets
50:50 Elite Boyar
52:07 Hoardings
51:53 Conscription
51:36 Murder Holes
53:37 Scale Mail Armor
53:51 Forging
54:10 Caravan
barreirojorge
7:27 Loom
16:07 Feudal Age
17:55 Double-Bit Axe
21:54 Wheelbarrow
21:49 Gold Mining
21:48 Man-at-Arms
24:08 Scale Mail Armor
23:58 Town Watch
25:15 Forging
25:28 Stone Mining
25:30 Fletching
36:19 Castle Age
35:02 Arson
37:36 Hand Cart
38:44 Treadmill Crane
41:37 Masonry
41:58 Padded Archer Armor
42:59 Ballistics
42:46 Gambesons
42:23 Long Swordsman
44:51 Bow Saw
44:39 Bodkin Arrow
45:41 Squires
49:37 Town Patrol
MArlon Herichs
4:10 Loom
15:36 Feudal Age
16:01 Horse Collar
16:58 Wheelbarrow
16:08 Town Watch
16:17 Gold Mining
16:38 Double-Bit Axe
24:39 Padded Archer Armor
24:29 Fletching
27:45 Forging
27:36 Scale Mail Armor
27:41 Scale Barding Armor
37:10 Castle Age
38:42 Hand Cart
38:27 Town Patrol
38:27 Bodkin Arrow
39:08 Iron Casting
38:49 Leather Archer Armor
38:49 Chain Mail Armor
38:39 Heavy Plow
39:23 Gold Shaft Mining
40:44 Stone Mining
42:38 Bow Saw
52:18 Chain Barding Armor
54:26 Careening
54:28 Clinker Construction
54:29 Masonry
janvandam26
4:16 Loom
23:14 Feudal Age
23:37 Man-at-Arms
32:57 Horse Collar
34:25 Wheelbarrow
37:14 Castle Age
35:56 Gold Mining
36:34 Forging
36:36 Arson
37:35 Scale Mail Armor
37:29 Double-Bit Axe
37:49 Long Swordsman
38:58 Stone Mining
42:22 Fletching
45:00 Chain Mail Armor
45:39 Husbandry
45:14 Pikeman
45:54 Squires
46:58 Gambesons
50:35 Town Watch
57:47 Elite Skirmisher
Connection lost

Rejoining the realm…

Still unreachable

The connection could not be restored.

Session expired

The server has moved on; the page needs a fresh start.